 Dungeon Crawl Stone Soup version 0.22-a0-422-g9628fc8 (webtiles) character file.

7247 4thArraOfDagon the Arsonist (level 10, -2/50 HPs)
             Began as a Deep Elf Fire Elementalist on May 16, 2018.
             Was a Believer of Vehumet.
             Slain by a two-headed ogre
             ... wielding a +0 giant club
              (22 damage)
             ... on level 2 of the Orcish Mines.
             The game lasted 00:17:42 (2527 turns).

4thArraOfDagon the Arsonist (DEFE)                  Turns: 2527, Time: 00:17:43

Health: -2/50      AC:  4    Str:  5    XL:     10   Next: 88%
Magic:  10/26      EV: 13    Int: 24    God:    Vehumet [**....]
Gold:   513        SH:  0    Dex: 15    Spells: 16/29 levels left

rFire    . . .     SeeInvis .   c - 8 rations
rCold    . . .     Gourm    .   (no shield)
rNeg     . . .     Faith    .   a - +0 robe
rPois    .         Spirit   .   k - +1 helmet
rElec    .         Reflect  .   (no cloak)
rCorr    .         Harm     .   (no gloves)
MR       +....                  (no boots)
Stlth    +.........             n - amulet of regeneration
HPRegen  0.56/turn              r - ring of loudness (curse)
MPRegen  0.20/turn              (no ring)

@: no status effects
A: no striking features
a: Renounce Religion


You were on level 2 of the Orcish Mines.
You worshipped Vehumet.
Vehumet was pleased with you.
You were not hungry.

You visited 3 branches of the dungeon, and saw 12 of its levels.

You collected 513 gold pieces.

Inventory:

Hand Weapons
 b - a +0 falchion
 g - a +1 mace
 q - the +5 dagger of a Billion Seas {distort, +Blink rPois Str+3 Int-4}
   (You found it on level 8 of the Dungeon)

   It warps and distorts space around it.
   Unwielding it can cause banishment or high damage.
   It affects your strength (+3).
   It affects your intelligence (-4).
   It protects you from poison.
   It lets you blink.
Missiles
 s - 4 tomahawks of dispersal (quivered)
Armour
 a - a +0 robe (worn)
 k - a +1 helmet (worn)
Jewellery
 n - an amulet of regeneration (around neck)
 r - a cursed ring of loudness (left hand)
Wands
 m - a wand of digging (10)
Potions
 d - a potion of degeneration
 i - a potion of lignification {unknown}
 j - a potion of flight {unknown}
 l - a potion of heal wounds {unknown}
 p - a potion of magic
Comestibles
 c - 8 rations (in hand)
 f - 3 chunks of flesh


   Skills:
 - Level 2.4 Dodging
 - Level 2.4 Stealth
 + Level 10.2 Spellcasting
 * Level 11.5 Conjurations
 * Level 11.9 Fire Magic


You had 16 spell levels left.
You knew the following spells:

 Your Spells              Type           Power        Failure   Level  Hunger
a - Flame Tongue          Conj/Fire      #####        1%          1    None
b - Conjure Flame         Conj/Fire      ######..     1%          3    None
c - Sticky Flame          Conj/Fire      ######..     1%          4    #......
d - Fireball              Conj/Fire      ######....   1%          5    ####...

Your spell library contained the following spells:

 Spells                   Type           Power        Failure   Level  Hunger
 Cause Fear               Hex            ##........   45%         4    #......
 Throw Flame              Conj/Fire      ######       1%          2    None
 Deflect Missiles         Chrm/Air       ##........   100%        6    ######.
 Silence                  Hex/Air        ##........   82%         5    ####...
 Inner Flame              Hex/Fire       #####...     1%          3    None
 Discord                  Hex            ##........   100%        8    #######
 Yara's Violent Unravell  Hex/Tmut       ##........   82%         5    ####...


Dungeon Overview and Level Annotations

Branches:
Dungeon (9/15)             Temple (1/1) D:5            Lair (0/6) D:9
    Orc (2/2) D:9             Elf (0/3) Orc:2

Altars:
Cheibriados
Dithmenos
Fedhas
Gozag
Hepliaklqana
Kikubaaqudgha
Makhleb
Okawaru
Qazlal
Ru
Trog
Vehumet
Xom
Yredelemnul
The Shining One
Beogh

Shops:
D:8 (

Annotations:
Orc:2 ololoev's ghost, journeyman CeIE


Message History

Unknown command.
You aren't carrying any scrolls.
Okay, then.
Unknown command.
Unknown command.
Unknown command.
The two-headed ogre closely misses you. The two-headed ogre barely misses you.
Unknown command.
Unknown command.
Unknown command.
Unknown command.
Unknown command.
Unknown command.
Unknown command.
An ogre comes into view. It is wielding a giant club.
The ogre moves out of view.
Unknown command.
Unknown command.
The two-headed ogre hits you with a giant club!!
You die...

........)...#...###........#
.##........)<....#.........#
##....)#.#.......#........# #
#....#.....O.....#.......#.##
##.##(......................#
#####)........._.............#
#..#........#...............#
...(...#....#...............#
#.......#......O@............#
###..........T...............#
#......................#...##
##...#.#...#...##.#...###.##
###################### ##


You could see a two-headed ogre, a troll and an ogre.

Vanquished Creatures
  Snorg (D:9)
  A two-headed ogre (D:9)
  The ghost of Gorice the Arsonist, a journeyman DEFE of Vehumet (Orc:1)
  An orc knight (Orc:1)
  A cyclops (Orc:2)
  An orc sorcerer (Orc:2)
  4 trolls
  A hippogriff (D:8)
  A wyvern (D:9)
  7 yaks
  A warg (Orc:1)
  3 orc warriors
  10 ogres
  A centaur (D:9)
  2 scorpions (D:9)
  3 orc priests (D:9)
  2 orc wizards (D:9)
  A bullfrog skeleton (D:9)
  A centaur skeleton (D:7)
  An iguana (D:7)
  A worker ant (D:7)
  A howler monkey skeleton (D:8)
  2 adders
  2 adder zombies
  An ooze (D:1)
  An adder skeleton (D:9)
  3 leopard geckos
  21 orcs
  A giant cockroach (D:2)
  7 hobgoblins
  A ball python (D:1)
  2 bats (D:1)
  A frilled lizard (D:2)
  4 goblins
  3 kobolds
  6 rats
101 creatures vanquished.

Vanquished Creatures (others)
  A black bear (D:8)
  2 fungi (D:9)
  8 plants
11 creatures vanquished.

Grand Total: 112 creatures vanquished

Notes
Turn   | Place    | Note
-------+----------+-------------------------------------------
     0 | D:1      | 4thArraOfDagon the Deep Elf Fire Elementalist began the quest for the Orb.
     0 | D:1      | Reached XP level 1. HP: 10/10 MP: 6/6
    55 | D:1      | Reached XP level 2. HP: 15/15 MP: 2/8
   302 | D:5      | Entered Level 5 of the Dungeon
   320 | D:5      | Found a glowing golden altar of the Shining One.
   393 | D:4      | Reached XP level 3. HP: 19/19 MP: 6/9
   398 | D:4      | Learned a level 3 spell: Conjure Flame
   473 | D:5      | Found a staircase to the Ecumenical Temple.
   480 | Temple   | Entered the Ecumenical Temple
   491 | Temple   | Became a worshipper of Vehumet
   512 | D:5      | Noticed an ice beast
   612 | D:4      | Found an iron altar of Okawaru.
   704 | D:7      | Reached XP level 4. HP: 24/24 MP: 3/11
   711 | D:7      | Learned a level 4 spell: Sticky Flame
   853 | D:7      | Reached XP level 5. HP: 24/28 MP: 8/13
   939 | D:8      | Noticed a yak
   939 | D:8      | Noticed a yak
   940 | D:8      | Noticed a yak
   959 | D:8      | Killed a yak
   959 | D:8      | Reached skill level 5 in Fire Magic
   959 | D:8      | Reached XP level 6. HP: 32/32 MP: 1/14
   993 | D:8      | Killed a yak
   993 | D:8      | Reached skill level 5 in Spellcasting
  1048 | D:8      | Killed a yak
  1048 | D:8      | Reached skill level 5 in Conjurations
  1048 | D:8      | Reached XP level 7. HP: 29/36 MP: 0/16
  1096 | D:8      | Learned a level 5 spell: Fireball
  1135 | D:8      | Noticed a hippogriff
  1137 | D:8      | Got a crystal dagger
  1148 | D:8      | Identified the +5 dagger of a Billion Seas {distort, +Blink rPois Str+3 Int-4} (You found it on level 8 of the Dungeon)
  1150 | D:8      | Killed a hippogriff
  1151 | D:8      | :O
  1158 | D:8      | Found Zepo Nud's Weapon Shop.
  1313 | D:9      | Noticed a yak
  1315 | D:9      | Noticed a yak
  1315 | D:9      | Noticed a yak
  1315 | D:9      | Noticed a yak
  1316 | D:9      | Found a staircase to the Lair.
  1336 | D:9      | Killed a yak
  1336 | D:9      | Reached XP level 8. HP: 41/41 MP: 6/19
  1358 | D:9      | Reached * piety under Vehumet
  1358 | D:9      | Offered knowledge of Sandblast by Vehumet.
  1378 | D:9      | Found a staircase to the Orcish Mines.
  1378 | D:9      | Noticed a two-headed ogre
  1503 | D:9      | Killed a two-headed ogre
  1503 | D:9      | Reached XP level 9. HP: 45/45 MP: 3/22
  1571 | D:9      | Noticed a troll
  1580 | D:9      | Killed a troll
  1584 | D:9      | HP: 2/45 [ogre/giant club (22)]
  1788 | D:9      | Reached skill level 10 in Fire Magic
  1803 | D:9      | Found a roughly hewn altar of Beogh.
  1879 | Orc:1    | Entered Level 1 of the Orcish Mines
  1879 | Orc:1    | Noticed Snorg
  1881 | Orc:1    | Noticed Gorice's ghost (journeyman DEFE)
  1884 | Orc:1    | SpeedyPerson7: !hs * defe
  1885 | Orc:1    | XtahuaRules: 142588. 4tharraofdagon the Archmage (L27 DEFE of Vehumet), escaped with the Orb and 15 runes on 2014-05-02 01:35:50, with 50940363 points after 28416 turns and 9:19:50.
  1887 | D:9      | 4thArraOfDagon: one bad miss
  1887 | D:9      | SpeedyPerson7: :thinking:
  1887 | D:9      | 4thArraOfDagon: ->> rip
  1889 | D:9      | Killed Snorg
  1889 | D:9      | Reached skill level 10 in Conjurations
  1889 | D:9      | Reached XP level 10. HP: 50/50 MP: 0/25
  1891 | D:9      | :O
  1905 | D:9      | 4thArraOfDagon: !lg gorice defe place=orc -log
  1905 | D:9      | XtahuaRules: 2. Gorice, XL11 DEFE, T:10687: https://crawl.xtahua.com/crawl/morgue/Gorice/morgue-Gorice-20180516-072847.txt
  1996 | Orc:1    | Noticed an orc knight
  2003 | Orc:2    | Entered Level 2 of the Orcish Mines
  2004 | Orc:2    | Noticed an orc sorcerer
  2004 | Orc:2    | Noticed ololoev's ghost (journeyman CeIE)
  2005 | Orc:2    | WHY
  2036 | Orc:1    | Killed an orc knight
  2038 | Orc:1    | Reached ** piety under Vehumet
  2079 | Orc:1    | Killed Gorice's ghost
  2079 | Orc:1    | Offered knowledge of Shock by Vehumet.
  2294 | Orc:2    | Found a bloodstained altar of Trog.
  2317 | Orc:2    | Found a staircase to the Elven Halls.
  2345 | Orc:2    | Found a labyrinth entrance.
  2405 | Orc:2    | 4thArraOfDagon: won't reach it
  2405 | Orc:2    | 4thArraOfDagon: :/
  2480 | Orc:2    | Noticed a cyclops
  2497 | Orc:2    | Killed an orc sorcerer
  2497 | Orc:2    | Reached skill level 10 in Spellcasting
  2500 | Orc:2    | Killed a cyclops
  2509 | Orc:2    | Noticed a two-headed ogre
  2527 | Orc:2    | Slain by a two-headed ogre

Vault maps used:
D:1:      dpeg_arrival_subterranean_lakeside_camping, st_stairs_4
D:2:      minmay_misc_feat_five, makhleb_heckhound_becter,
          uniq_crazy_yiuf_cottage
D:3:      serial_park_tiny_2
D:4:      first_ration, okawaru_altar_gauntlet_db
D:5:      lemuel_round_altar, temple_fountains
D:6:      lemuel_upstairs_altar, minmay_ruffians
D:8:      serial_shops, shop
D:9:      dpeg_oklobed_lair, minmay_orc_entry_temple_small
Temple:   compressed_dpeg_triangle_lava_temple
Orc:1:    uniq_snorg
Orc:2:    st_orc_open, lab_entry_generic, basic_altar, serial_shops,
          nicolae_shop_overgrown_old_shop, minmay_orc_temple_c

Skill      XL: |  1  2  3  4  5  6  7  8  9 10 |
---------------+-------------------------------+-----
Conjurations   | 2 3 4 5 6 8 10 11 | 11.5
Fire Magic     | 4 5 6 7 9 10 11 | 11.9
Spellcasting   | 4 5 6 7 9 10 | 10.2
Dodging        | |  2.4
Stealth        | |  2.4

Action                   |  1- 3 |  4- 6 |  7- 9 | 10-12 || total
-------------------------+-------+-------+-------+-------++-------
Melee: Mace              |     3 |       |       |       ||     3
       Dagger            |       |       |     4 |       ||     4
       Falchion          |       |       |       |     1 ||     1
Throw: Tomahawk          |       |       |     1 |     2 ||     3
 Cast: Flame Tongue      |    49 |     8 |    54 |    11 ||   122
       Conjure Flame     |     1 |     3 |     9 |     2 ||    15
       Sticky Flame      |       |     4 |    10 |     5 ||    19
       Fireball          |       |       |     7 |    15 ||    22
Evoke: Wand              |       |       |     6 |       ||     6
  Use: Scroll            |     3 |     1 |     3 |     2 ||     9
       Potion            |       |       |       |     2 ||     2
  Eat: Chunk             |       |       |     6 |     6 ||    12
Armor: Robe              |     2 |       |     4 |     3 ||     9
Dodge: Dodged            |    14 |     4 |    24 |    17 ||    59
       Rpst.: Falchion   |       |       |       |     1 ||     1

Table legend:
 A = Spawn XP
 B = Non-spawn XP
 C = Spawn XP percentage of total XP
 D = Spawn monster count
 E = Non-spawn monster count
 F = Spawn count percentage of total count
 G = Total turns spent on level
                    A         B        C        D         E        F      G
               +---------+---------+-------+---------+---------+-------+---------
         Total |       0 |   10353 |   0.0 |       0 |     102 |   0.0 |  2527
               +---------+---------+-------+---------+---------+-------+---------
           D:1 |       0 |      21 |   0.0 |       0 |      14 |   0.0 |   131
           D:2 |       0 |      11 |   0.0 |       0 |       6 |   0.0 |    63
           D:3 |       0 |       7 |   0.0 |       0 |       3 |   0.0 |    73
           D:4 |       0 |      14 |   0.0 |       0 |       7 |   0.0 |   173
           D:5 |       0 |      19 |   0.0 |       0 |       2 |   0.0 |   166
           D:7 |       0 |     125 |   0.0 |       0 |       7 |   0.0 |   219
           D:8 |       0 |    1109 |   0.0 |       0 |       8 |   0.0 |   350
           D:9 |       0 |    4420 |   0.0 |       0 |      37 |   0.0 |   717
         Orc:1 |       0 |    1908 |   0.0 |       0 |       7 |   0.0 |   306
         Orc:2 |       0 |    2719 |   0.0 |       0 |      11 |   0.0 |   245
               +---------+---------+-------+---------+---------+-------+---------
